[Event "Pan-American U20-ch 2023"]
[Site "Volta Redonda"]
[Date "2023.11.11"]
[Round "8.5"]
[White "Schnaider, Ilan"]
[Black "Labussiere, Yago"]
[Result "1-0"]
[ECO "B51"]
[WhiteElo "2292"]
[BlackElo "2185"]
[Annotator "RC"]
[PlyCount "103"]
[EventDate "2023.10.31"]
[EventType "swiss"]
[EventCountry "BRA"]
[SourceTitle "playchess.com"]
[Source "ChessBase"]
[SourceQuality "1"]
[TimeControl "5400+30"]

1. e4 c5 2. Nf3 Nc6 3. Bb5 d6 4. O-O Bd7 5. Re1 a6 6. Bxc6 Bxc6 7. d4 cxd4 8. Nxd4 Rc8 9. c4 Nf6 10. Nc3 e6 11. b3 Be7 12. Bb2 O-O 13. Qd3 b6 14. Nxc6 Rxc6 15. Qg3 Qc7 16. Rad1 Qb7 17. a4 Rfc8 18. Ne2 Ne8 19. Ba3 R6c7 20. Nd4 Rd7 21. h3 Rcd8 22. b4 Rc8 23. Qd3 Rdc7 24. Rc1 Nf6 25. b5 Nd7 26. Nc6 Rxc6 27. bxc6 Rxc6 28. f4 Nc5 29. Bxc5 Rxc5 30. e5 dxe5 31. fxe5 Qc6 32. Qb3 Qc7 33. Kh1 g6 34. Rb1 Rc6 35. Re4 Kg7 36. Qf3 Bc5 37. Qf6+ Kg8 38. Rd1 Be7 39. Qf3 Bg5 40. Qg3 Be7 41. Rf1 Bf8 42. Ref4 Rxc4 43. Rxf7 Qxf7 44. Rxf7 Kxf7 45. Qf2+ Kg8 46. Qxb6 Rxa4 47. Qxe6+ Kh8 48. Qf6+ Kg8 49. e6 Bb4 50. Qf7+ Kh8 51. Qe8+ Kg7 52. Qxa4 1-0

[Event "Pan-American U20-ch 2023"]
[Site "Volta Redonda"]
[Date "2023.11.11"]
[Round "8.6"]
[White "Sathish, Pranav"]
[Black "Filgueiras, Nathan Felipe"]
[Result "1-0"]
[ECO "A06"]
[WhiteElo "2415"]
[BlackElo "2331"]
[Annotator "RC"]
[PlyCount "120"]
[EventDate "2023.10.31"]
[EventType "swiss"]
[EventCountry "BRA"]
[SourceTitle "playchess.com"]
[Source "ChessBase"]
[SourceQuality "1"]
[TimeControl "5400+30"]

1. Nf3 d5 2. b3 Bg4 3. Bb2 Nd7 4. e3 Ngf6 5. h3 Bh5 6. g4 Bg6 7. g5 Ne4 8. d3 Nd6 9. Nh4 e5 10. Nxg6 hxg6 11. Qg4 Be7 12. Bg2 Bxg5 13. Bxd5 Qe7 14. Ba3 O-O-O 15. Qg2 Qf6 16. Nd2 Bh4 17. Bxd6 Qxd6 18. Bxb7+ Kb8 19. O-O-O Qb4 20. Bd5 Nb6 21. Bc4 Be7 22. Bxf7 Qc3 23. Nb1 Qa1 24. Kd2 Qxa2 25. Rc1 Rhf8 26. Bxg6 Bb4+ 27. Ke2 Rd5 28. Qe4 a5 29. Rhd1 Rc5 30. d4 exd4 31. Rxd4 Qb2 32. Rcd1 Ka7 33. Nd2 Bc3 34. Rb1 Qa2 35. Qe7 Bxd4 36. Qxf8 Qa3 37. Nc4 Qb4 38. Be4 Rxc4 39. Qxb4 Rxb4 40. exd4 Rxd4 41. Ke3 Rd6 42. Ra1 a4 43. bxa4 Nc4+ 44. Ke2 Re6 45. Kd3 Nd6 46. Bd5 Rh6 47. Bg2 Rf6 48. Rf1 Kb6 49. f4 Kc5 50. Be4 Rh6 51. Rf3 Re6 52. Bh7 Rh6 53. Bg8 Nf5 54. Ke4 Nd6+ 55. Ke5 Kb4 56. Bb3 Rf6 57. f5 Rh6 58. Be6 Rh4 59. Rf4+ Rxf4 60. Kxf4 Kxa4 1-0

[Event "Pan-American U20-ch 2023"]
[Site "Volta Redonda"]
[Date "2023.11.11"]
[Round "9.1"]
[White "Oro, Faustino"]
[Black "Flores Quillas, Diego Saul Rodri"]
[Result "0-1"]
[ECO "E60"]
[WhiteElo "2356"]
[BlackElo "2369"]
[Annotator "RC"]
[PlyCount "104"]
[EventDate "2023.10.31"]
[EventType "swiss"]
[EventCountry "BRA"]
[SourceTitle "playchess.com"]
[Source "ChessBase"]
[SourceQuality "1"]
[TimeControl "5400+30"]

1. Nf3 c5 2. b3 d6 3. c4 Nf6 4. d4 cxd4 5. Nxd4 g6 6. e3 Bg7 7. Bb2 O-O 8. Be2 Nc6 9. O-O Bd7 10. Nd2 Rc8 11. Bf3 a6 12. Nxc6 Bxc6 13. Qe2 a5 14. Rfd1 Qb6 15. Bd4 Qa6 16. Bxc6 bxc6 17. Nf3 Rfe8 18. Qc2 Rb8 19. Rab1 Rb4 20. Bc3 Rb7 21. e4 a4 22. e5 axb3 23. axb3 dxe5 24. Bxe5 c5 25. h3 Qc6 26. Rd3 Rd7 27. Re3 Bh6 28. Re2 Rb7 29. Rbe1 Nh5 30. Nh2 Nf4 31. Bxf4 Bxf4 32. Ng4 h5 33. Ne5 Bxe5 34. Rxe5 e6 35. R1e3 Qd6 36. Rg5 Rd8 37. Qe4 Ra7 38. Reg3 Ra1+ 39. Kh2 Kf8 40. Qe5 Qxe5 41. Rxe5 Rdd1 42. Rge3 h4 43. g3 Rh1+ 44. Kg2 Rag1+ 45. Kf3 Rxh3 46. Kg4 Rh2 47. Rxc5 Rxf2 48. Kxh4 Kg7 49. Kg4 Kh6 50. Rf3 f5+ 51. Kf4 Re2 52. Re3 Rf1+ 0-1

[Event "Pan-American U20-ch 2023"]
[Site "Volta Redonda"]
[Date "2023.11.11"]
[Round "9.2"]
[White "Tomiello, Lucas Costamilan"]
[Black "Soriano Quispe, Ivan Excender"]
[Result "1-0"]
[ECO "C77"]
[WhiteElo "2279"]
[BlackElo "2214"]
[Annotator "RC"]
[PlyCount "85"]
[EventDate "2023.10.31"]
[EventType "swiss"]
[EventCountry "BRA"]
[SourceTitle "playchess.com"]
[Source "ChessBase"]
[SourceQuality "1"]
[TimeControl "5400+30"]

1. e4 e5 2. Nf3 Nc6 3. Bb5 a6 4. Ba4 Nf6 5. d3 d6 6. c3 g6 7. O-O Bg7 8. Re1 O-O 9. Nbd2 Nd7 10. Nf1 Nc5 11. Bc2 Ne6 12. Ng3 Qf6 13. Be3 Nf4 14. h3 h5 15. d4 h4 16. Nf1 Bd7 17. dxe5 Nxe5 18. Nxe5 Qxe5 19. Nh2 Qg5 20. Qf3 Be5 21. Kh1 Qf6 22. Rad1 Rad8 23. Bb3 Kg7 24. Rd2 Rh8 25. Qd1 Qg5 26. Rg1 Bc6 27. Rd4 Rde8 28. Qd2 Qf6 29. Ng4 Qg5 30. Bd5 Bd7 31. Nxe5 dxe5 32. Bxf7 exd4 33. Bxf4 dxc3 34. Qxd7 Re7 35. Qd4+ Qf6 36. e5 Qb6 37. Qxb6 cxb6 38. e6 Rd8 39. bxc3 Rd5 40. Be3 b5 41. Bd4+ Kf8 42. Rd1 b4 43. Bg7+ 1-0

[Event "Pan-American U20-ch 2023"]
[Site "Volta Redonda"]
[Date "2023.11.11"]
[Round "9.3"]
[White "Ibarra, Juan Martin"]
[Black "Schnaider, Ilan"]
[Result "0-1"]
[ECO "B94"]
[WhiteElo "2219"]
[BlackElo "2292"]
[Annotator "RC"]
[PlyCount "90"]
[EventDate "2023.10.31"]
[EventType "swiss"]
[EventCountry "BRA"]
[SourceTitle "playchess.com"]
[Source "ChessBase"]
[SourceQuality "1"]
[TimeControl "5400+30"]

1. e4 c5 2. Nf3 d6 3. d4 cxd4 4. Nxd4 Nf6 5. Nc3 a6 6. Bg5 Nbd7 7. Bc4 Qb6 8. Bb3 e6 9. Bxf6 Nxf6 10. Qd2 Nd7 11. O-O-O Nc5 12. f4 Bd7 13. Kb1 Be7 14. f5 Bf6 15. g4 O-O-O 16. Rhf1 h6 17. Nde2 Bc6 18. Nf4 Rhe8 19. Nh5 Be5 20. fxe6 fxe6 21. Rf7 a5 22. Nxg7 a4 23. Nxe8 Bxe8 24. Rf8 axb3 25. axb3 Kc7 26. Rdf1 Ra8 27. R1f7+ Nd7 28. Re7 Qa5 29. Nb5+ Qxb5 30. Rexe8 Rxe8 31. Rxe8 Nc5 32. Re7+ Kb8 33. Qxh6 Qf1+ 34. Qc1 Qe2 35. Re8+ Kc7 36. Re7+ Kd8 37. Rf7 Nxe4 38. c4 Nd2+ 39. Ka2 Kc8 40. Qc2 Qe3 41. c5 dxc5 42. g5 c4 43. Rf8+ Kd7 44. Qh7+ Kc6 45. Rc8+ Kb6 0-1

[Event "Pan-American U20-ch 2023"]
[Site "Volta Redonda"]
[Date "2023.11.11"]
[Round "9.4"]
[White "De Siqueira, Luigy Lira"]
[Black "Reyes Zavaleta, Fabian Ricardo"]
[Result "0-1"]
[ECO "B81"]
[WhiteElo "2179"]
[BlackElo "2122"]
[Annotator "RC"]
[PlyCount "52"]
[EventDate "2023.10.31"]
[EventType "swiss"]
[EventCountry "BRA"]
[SourceTitle "playchess.com"]
[Source "ChessBase"]
[SourceQuality "1"]
[TimeControl "5400+30"]

1. e4 c5 2. Nf3 d6 3. d4 cxd4 4. Nxd4 Nf6 5. Nc3 e6 6. g4 h6 7. h4 Nc6 8. Rg1 d5 9. exd5 Nxd5 10. Nxd5 Qxd5 11. Bg2 Qc4 12. Nxc6 bxc6 13. Be3 Ba6 14. c3 Qb5 15. Qf3 Rc8 16. O-O-O Be7 17. g5 hxg5 18. hxg5 Qa4 19. g6 f5 20. Rh1 Rg8 21. Rd4 Qxa2 22. Rhd1 Bb5 23. Qf4 c5 24. Re4 Rf8 25. Rxe6 Qxe6 26. Re1 Qa2 0-1

[Event "Pan-American U20-ch 2023"]
[Site "Volta Redonda"]
[Date "2023.11.11"]
[Round "9.5"]
[White "Silva, Kaua Marques"]
[Black "Sathish, Pranav"]
[Result "0-1"]
[ECO "B40"]
[WhiteElo "2235"]
[BlackElo "2415"]
[Annotator "RC"]
[PlyCount "92"]
[EventDate "2023.10.31"]
[EventType "swiss"]
[EventCountry "BRA"]
[SourceTitle "playchess.com"]
[Source "ChessBase"]
[SourceQuality "1"]
[TimeControl "5400+30"]

1. e4 c5 2. Nf3 e6 3. g3 Nc6 4. Bg2 Nf6 5. Qe2 e5 6. O-O Be7 7. c3 O-O 8. Re1 Re8 9. d3 d6 10. Bg5 h6 11. Bxf6 Bxf6 12. Nbd2 Be6 13. Nc4 d5 14. exd5 Bxd5 15. Ne3 Be6 16. Nd2 Qd7 17. h4 Be7 18. Ndc4 f6 19. Be4 f5 20. Bxc6 Qxc6 21. Nxe5 Qc7 22. f4 Bf6 23. Nc2 Bd5 24. Qe3 Rad8 25. c4 Bc6 26. Re2 Bxe5 27. fxe5 f4 28. gxf4 Qf7 29. d4 Qxc4 30. Qb3 Qxb3 31. axb3 cxd4 32. Rf2 d3 33. Ne3 g5 34. Ng4 Kg7 35. fxg5 hxg5 36. Rf5 gxh4 37. Raf1 Re6 38. Kh2 d2 39. Ne3 Rd3 40. Rf7+ Kg6 41. Nd1 Rxe5 42. R7f6+ Kg5 43. R6f2 Bd7 44. Rg2+ Rg3 45. Rxd2 Bc6 46. Rdf2 Bb5 0-1